2092 views
Uploaded 2023-09-14 02:28:33
Game version 1.36 (6115)
17:11 long 1on1 ladder game on (2)LastRefuge_S2_v1.5
Saved by Sofer
2092 views
Uploaded 2023-09-14 02:28:33
Game version 1.36 (6115)
17:11 long 1on1 ladder game on (2)LastRefuge_S2_v1.5

24 units @ 4.2k
/ 0.4k
14 buildings @ 2.3k
/ 0.7k


| Healing Salve | 3 | 300 |
| Lesser Clarity Potion | 1 | 70 |
| total: | 4 | 370g |
| Peon | 8 | 600 | / | 0 |
| Grunt | 6 | 1200 | / | 0 |
| Wind Rider | 7 | 1855 | / | 280 |
| Raider | 3 | 540 | / | 120 |
| total: | 24 | 4195g | / | 400w |
| Altar of Storms | 1 | 180 | / | 50 |
| Orc Burrow | 7 | 1120 | / | 280 |
| Barracks | 1 | 180 | / | 50 |
| Voodoo Lounge | 1 | 130 | / | 30 |
| War Mill | 2 | 410 | / | 0 |
| Beastiary | 2 | 290 | / | 280 |
| Stronghold | 1 | 315 | / | 190 |
| total: | 14 | 2310g | / | 690w |
| 0:04 | Peon |
| 0:04 | Peon |
| 0:12 | Altar of Storms |
| 0:21 | Orc Burrow |
| 0:23 | Peon |
| 0:36 | Barracks |
| 0:46 | Peon |
| 0:54 | Peon |
| 1:22 | Peon |
| 1:25 | Peon |
| 1:38 | Grunt |
| 1:42 | Peon |
| 2:11 | Feral Spirit |
| 2:19 | Stronghold |
| 2:31 | Voodoo Lounge |
| 2:37 | Orc Burrow |
| 3:28 | Orc Burrow |
| 3:38 | Grunt |
| 3:46 | Grunt |
| 4:37 | Grunt |
| 5:08 | Beastiary |
| 5:12 | Beastiary |
| 6:05 | Healing Salve |
| 6:05 | Healing Salve |
| 6:06 | Lesser Clarity Potion |
| 6:18 | Hex |
| 6:23 | Wind Rider |
| 6:24 | Ensnare |
| 6:51 | Berserker Strength |
| 6:56 | Orc Burrow |
| 7:02 | Orc Burrow |
| 7:51 | Chain Lighting |
| 8:31 | Wind Rider |
| 8:32 | Raider |
| 9:13 | Healing Wave |
| 10:20 | Wind Rider |
| 10:25 | Feral Spirit |
| 11:37 | Orc Burrow |
| 11:40 | Orc Burrow |
| 12:47 | Hex |
| 12:58 | Grunt |
| 12:59 | Raider |
| 13:21 | War Mill |
| 13:30 | War Mill |
| 13:33 | Raider |
| 13:34 | Healing Salve |
| 13:40 | Grunt |
| 14:16 | Wind Rider |
| 14:54 | Wind Rider |
| 15:22 | Wind Rider |
| 16:05 | Wind Rider |
| Right click | 639 |
| Select group | 262 |
| Select | 193 |
| Build/train/purchase | 47 |
| Assign group | 37 |
| Use ability | 23 |
| Misc. action | 13 |
| Chat | 11 |
| Remove unit | 1 |
/ 0.7k
13 buildings @ 2k
/ 0.8k



| Acolyte | 7 | 525 | / | 0 |
| Ghoul | 5 | 600 | / | 0 |
| Crypt Fiend | 8 | 1720 | / | 320 |
| Gargoyle | 8 | 1400 | / | 240 |
| Obsidian Statue | 1 | 200 | / | 35 |
| Abomination | 2 | 480 | / | 140 |
| total: | 31 | 4925g | / | 735w |
| Nerubian Tower | 1 | 100 | / | 20 |
| Spirit Tower | 1 | 145 | / | 40 |
| Crypt | 1 | 200 | / | 50 |
| Ziggurat | 7 | 1050 | / | 350 |
| Graveyard | 1 | 215 | / | 0 |
| Altar of Darkness | 1 | 180 | / | 50 |
| Tomb of Relics | 1 | 130 | / | 30 |
| Slaughterhouse | 1 | 140 | / | 135 |
| Sacrificial Pit | 1 | 75 | / | 150 |
| Halls of the Dead | 1 | 320 | / | 210 |
| Black Citadel | 1 | 325 | / | 230 |
| total: | 13 | 1990g | / | 765w |
| 0:06 | Acolyte |
| 0:06 | Acolyte |
| 0:13 | Crypt |
| 0:21 | Ziggurat |
| 0:42 | Graveyard |
| 1:05 | Altar of Darkness |
| 1:19 | Ghoul |
| 1:37 | Ghoul |
| 1:56 | Ghoul |
| 2:03 | Ziggurat |
| 2:15 | Crypt Fiend |
| 2:44 | Crypt Fiend |
| 3:00 | Soul Burn |
| 3:10 | Ziggurat |
| 3:20 | Crypt Fiend |
| 3:55 | Nerubian Tower |
| 4:17 | Acolyte |
| 4:36 | Acolyte |
| 4:53 | Acolyte |
| 5:05 | Crypt Fiend |
| 5:17 | Halls of the Dead |
| 5:41 | Crypt Fiend |
| 6:09 | Tomb of Relics |
| 6:19 | Crypt Fiend |
| 6:29 | Ziggurat |
| 6:42 | Summon Lava Spawn |
| 6:55 | Ghoul |
| 7:23 | Ziggurat |
| 7:24 | Ghoul |
| 8:35 | Slaughterhouse |
| 8:36 | Black Citadel |
| 8:41 | Carrion Beetles |
| 8:44 | Gargoyle |
| 9:11 | Soul Burn |
| 9:25 | Gargoyle |
| 9:52 | Obsidian Statue |
| 10:02 | Ziggurat |
| 10:05 | Web |
| 10:49 | Crypt Fiend |
| 11:07 | Spiked Carapace |
| 11:16 | Ziggurat |
| 11:32 | Gargoyle |
| 12:14 | Gargoyle |
| 12:19 | Spirit Tower |
| 12:23 | Acolyte |
| 12:38 | Death Coil |
| 12:46 | Summon Lava Spawn |
| 13:17 | Sacrificial Pit |
| 13:25 | Crypt Fiend |
| 13:34 | Abomination |
| 13:37 | Unholy Armor |
| 13:55 | Carrion Beetles |
| 14:02 | Gargoyle |
| 14:12 | Acolyte |
| 14:42 | Gargoyle |
| 15:31 | Gargoyle |
| 15:33 | Unholy Aura |
| 16:12 | Gargoyle |
| 16:13 | Abomination |
| 17:00 | Spiked Carapace |
| 17:01 | Soul Burn |
| Select | 300 |
| Select group | 289 |
| Right click | 176 |
| Misc. action | 131 |
| Build/train/purchase | 60 |
| Assign group | 39 |
| Use ability | 20 |
| Chat | 8 |